 Dungeon Crawl Stone Soup version 0.30-a0-12-gd8047c6341 (webtiles) character file.

Game seed: 7085392864780194643

102 NinjaNoafa the Shooter (level 4, 0/41 HPs)
             Began as a Gnoll Wanderer on Aug 23, 2022.
             Slain by a gnoll
             ... wielding a +0 spear
              (10 damage)
             ... on level 3 of the Dungeon.
             The game lasted 00:03:02 (2402 turns).

NinjaNoafa the Shooter (Gnoll Wanderer)             Turns: 2402, Time: 00:03:03

Health: 0/41       AC:  3    Str: 11    XL:     4   Next: 78%
Magic:  11/11      EV: 12    Int: 12    God:
Gold:   124        SH:  0    Dex: 13    Spells: 13/13 levels left

rFire   . . .      SeeInvis .    a - +3 sling
rCold   . . .      Faith    .    (no shield)
rNeg    . . .      Spirit   .    c - +0 robe
rPois   .          Reflect  .    (no helmet)
rElec   .          Harm     .    d - +0 cloak
rCorr   .          Rampage  .    (no gloves)
Will    .....                    (no boots)
Stlth   ++........               (no amulet)
HPRegen 0.13/turn                (no ring)
MPRegen 0.12/turn                (no ring)

@: mighty, hasted, very quick
A: fangs 1, strong nose, distributed training
a: no special abilities


You were on level 3 of the Dungeon.
You visited 1 branch of the dungeon, and saw 3 of its levels.

You collected 124 gold pieces.

Inventory:

Hand Weapons
 a - a +3 sling (weapon)
Missiles
 f - 36 stones
 g - 6 atropa-tipped darts
Armour
 c - a +0 robe (worn)
 d - a +0 cloak (worn)
Scrolls
 b - a scroll of fear
 e - 6 scrolls of identify {unknown}
 h - 2 scrolls of immolation {unknown}
 j - a scroll of vulnerability {unknown}
 k - a scroll of teleportation {unknown}
 l - a scroll of enchant armour {unknown}
 m - 2 scrolls of noise {unknown}
 o - a scroll of brand weapon {unknown}
 p - a scroll of silence {unknown}


   Skills:
 + Level 6.6 Fighting
 + Level 1.3 Short Blades
 + Level 1.3 Long Blades
 + Level 1.3 Axes
 + Level 1.3 Maces & Flails
 + Level 1.3 Polearms
 + Level 1.3 Staves
 + Level 6.6 Ranged Weapons
 + Level 1.3 Throwing
 + Level 1.3 Armour
 + Level 1.3 Dodging
 + Level 1.3 Stealth
 + Level 1.3 Shields
 + Level 1.3 Unarmed Combat
 + Level 5.1 Spellcasting
 + Level 1.0 Conjurations
 + Level 1.0 Hexes
 + Level 1.0 Summonings
 + Level 1.0 Necromancy
 + Level 1.0 Translocations
 + Level 1.0 Transmutations
 + Level 1.0 Fire Magic
 + Level 1.0 Ice Magic
 + Level 1.0 Air Magic
 + Level 1.0 Earth Magic
 + Level 1.0 Poison Magic
 + Level 1.4 Invocations
 + Level 4.7 Evocations


You had 13 spell levels left.
You didn't know any spells.
Your spell library was empty.

Dungeon Overview and Level Annotations

Branches:
Dungeon (3/15)

Altars:
Makhleb


Innate Abilities, Weirdness & Mutations

You have very sharp teeth.
Your uncanny sense of smell can sniff out nearby items.
Your experience applies equally to all skills.


Message History

You don't know any spells.
Sorry, you're not good enough to have a special ability.
Fire: a) +3 sling
Press: ? - help, Q - select action, (/) - cycle Shift-Dir - straight line, f - kobold
Aim: a kobold, wielding a +0 short sword and quivering stones (59% to hit)
You shoot a sling bullet. The sling bullet misses the kobold.
The sling bullet hits the gnoll.
The gnoll is lightly wounded.
The gnoll closely misses you.
The kobold hits you with a +0 short sword.
Fire: a) +3 sling
Press: ? - help, Q - select action, (/) - cycle Shift-Dir - straight line, f/p - kobold
Aim: a kobold, wielding a +0 short sword and quivering stones (59% to hit)
You shoot a sling bullet.
The sling bullet closely misses the kobold.
The sling bullet hits the gnoll.
The gnoll is moderately wounded.
The gnoll hits you from afar with a +0 spear.
* * * LOW HITPOINT WARNING * * *
The kobold barely misses you.
Fire: a) +3 sling
Press: ? - help, Q - select action, (/) - cycle Shift-Dir - straight line, f/p - kobold
Aim: a kobold, wielding a +0 short sword and quivering stones (59% to hit)
You shoot a sling bullet.
The sling bullet hits the kobold but does no damage.
The gnoll hits you from afar with a +0 spear!
* * * LOW HITPOINT WARNING * * *
The kobold barely misses you.
It was a potion of cancellation.
You feel magically purged. The gnoll barely misses you.
The kobold closely misses you.
It was a potion of curing.
You feel better. The kobold closely misses you. The gnoll barely misses you.
It was a potion of might.
You feel very mighty all of a sudden.
The gnoll hits you from afar with a +0 spear.
* * * LOW HITPOINT WARNING * * *
The kobold misses you.
It was a potion of haste.
You feel yourself speed up.
The gnoll hits you from afar with a +0 spear!
You die...

♣♣P....... #.
########P..P.#..8
#.#####.... ...♣.......
#.........# #.P♣P#...#.
#.........# #.#P.......
#.........# #.#PP.)_[.♣
#.........###.#♣.Kw....
#......w......#♣§#§..#♣
#....@Kg.###...w.§....
######)#<..#.♣♣..§#...
#.#...#♣♣§♣§.....
#.#...# ♣ P...♣.
#)#...# .♣P... #.##.##
Pr♣♣.. ... .. .. ♣♣ #.#
.# ..


You could see a worm, a gnoll and a kobold.

Vanquished Creatures
  2 adders (D:2)
  4 gnolls
  2 bats (D:1)
  4 endoplasms
  2 giant cockroaches (D:1)
  8 goblins
  3 hobgoblins
  2 jackals (D:2)
  2 kobolds (D:1)
  7 ball pythons
  7 frilled lizards
  4 rats
47 creatures vanquished.

Vanquished Creatures (others)
  6 plants (D:3)
6 creatures vanquished.

Grand Total: 53 creatures vanquished

Notes
Turn   | Place    | Note
-------+----------+-------------------------------------------
     0 | D:1      | NinjaNoafa the Gnoll Wanderer began the quest for the Orb.
     0 | D:1      | NinjaNoafa set off with the following items: a +3 sling, a
                  | scroll of fear, a +0 robe.
     0 | D:1      | Reached XP level 1. HP: 23/23 MP: 6/6
    81 | D:1      | Reached XP level 2. HP: 27/29 MP: 7/7
   407 | D:1      | Found a faded altar of an unknown god.
   748 | D:1      | Reached skill level 5 in Spellcasting
   748 | D:1      | Reached XP level 3. HP: 35/35 MP: 7/9
  1327 | D:2      | Reached skill level 1 in Invocations
  1564 | D:2      | Reached skill level 1 in Short Blades
  1564 | D:2      | Reached skill level 1 in Long Blades
  1564 | D:2      | Reached skill level 1 in Axes
  1564 | D:2      | Reached skill level 1 in Maces & Flails
  1564 | D:2      | Reached skill level 1 in Polearms
  1564 | D:2      | Reached skill level 1 in Staves
  1564 | D:2      | Reached skill level 1 in Throwing
  1564 | D:2      | Reached skill level 1 in Armour
  1564 | D:2      | Reached skill level 1 in Dodging
  1564 | D:2      | Reached skill level 1 in Stealth
  1564 | D:2      | Reached skill level 1 in Shields
  1564 | D:2      | Reached skill level 1 in Unarmed Combat
  1568 | D:2      | Reached XP level 4. HP: 33/41 MP: 11/11
  2015 | D:2      | Reached skill level 1 in Conjurations
  2015 | D:2      | Reached skill level 1 in Hexes
  2015 | D:2      | Reached skill level 1 in Summonings
  2015 | D:2      | Reached skill level 1 in Necromancy
  2015 | D:2      | Reached skill level 1 in Translocations
  2015 | D:2      | Reached skill level 1 in Transmutations
  2015 | D:2      | Reached skill level 1 in Fire Magic
  2015 | D:2      | Reached skill level 1 in Ice Magic
  2015 | D:2      | Reached skill level 1 in Air Magic
  2015 | D:2      | Reached skill level 1 in Earth Magic
  2015 | D:2      | Reached skill level 1 in Poison Magic
  2115 | D:3      | Found a burning altar of Makhleb.
  2402 | D:3      | Slain by a gnoll

Illustrated notes

Levels and vault maps discovered:
D:1:      dpeg_arrival_morbid_curiosity, layout_loops_corners,
          shapermc_ecumenical_altar_mp_urbaneastern, minmay_lizard_pond
D:2:      layout_basic
D:3:      wad_woods_stonehenge, layout_basic, minitemple,
          gammafunk_temple_overflow_elements, uniq_natasha, uniq_terence

Skill      XL: |  1  2  3  4 |
---------------+-------------+-----
Spellcasting   | 5 |  5.1
Invocations    | 1 |  1.4
Short Blades   | 1 |  1.3
Long Blades    | 1 |  1.3
Axes           | 1 |  1.3
Maces & Flails | 1 |  1.3
Polearms       | 1 |  1.3
Staves         | 1 |  1.3
Throwing       | 1 |  1.3
Armour         | 1 |  1.3
Dodging        | 1 |  1.3
Stealth        | 1 |  1.3
Shields        | 1 |  1.3
Unarmed Combat | 1 |  1.3
Conjurations   | 1 |  1.0
Hexes          | 1 |  1.0
Summonings     | 1 |  1.0
Necromancy     | 1 |  1.0
Translocations | 1 |  1.0
Transmutations | 1 |  1.0
Fire Magic     | 1 |  1.0
Ice Magic      | 1 |  1.0
Air Magic      | 1 |  1.0
Earth Magic    | 1 |  1.0
Poison Magic   | 1 |  1.0
Fighting       | |  6.6
Ranged Weapons | |  6.6
Evocations     | |  4.7

Action                   |  1- 3 |  4- 6 || total
-------------------------+-------+-------++-------
 Fire: Sling             |    84 |    41 ||   125
  Use: Potion            |       |     4 ||     4
Armor: Robe              |     3 |    14 ||    17
Dodge: Dodged            |    10 |    35 ||    45

Table legend: (Time is in decaauts)
 A = Elapsed time spent in this place.
 B = Non-inter-level travel time spent in this place.
 C = Inter-level travel time spent in this place.
 D = Time resting spent in this place.
 E = Time spent auto-exploring this place.
 F = Levels seen in this place.
 G = Mean time per level.
                   A        B        C        D        E       F      G
               +--------+--------+--------+--------+--------+-----+--------+
         Total |   2411 |   2299 |    112 |      0 |   2054 |   3 |  803.7 |
       Dungeon |   2411 |   2299 |    112 |      0 |   2054 |   3 |  803.7 |
               +--------+--------+--------+--------+--------+-----+--------+

Top non-repeatable levels by time:
     D:1: 1228 daAuts
     D:2: 1139 daAuts
     D:3: 43 daAuts
